 Dungeon Crawl Stone Soup version 0.29-a0-834-g1e95ca9f62 (webtiles) character file.

Game seed: 3115314676776165156

39 Nato the Conjurer (level 3, -2/24 HPs)
             Began as a Human Conjurer on July 12, 2022.
             Slain by an adder (3 damage)
             ... on level 2 of the Dungeon.
             The game lasted 00:03:18 (1543 turns).

Nato the Conjurer (Human Conjurer)                  Turns: 1543, Time: 00:03:19

Health: -2/24      AC:  4    Str:  7    XL:     3   Next: 70%
Magic:  1/6        EV: 12    Int: 20    God:
Gold:   114        SH:  0    Dex: 11    Spells: 3/6 levels left

rFire   x . .      SeeInvis .   f - +2 sling (vorpal)
rCold   + . .      Faith    .   (no shield)
rNeg    + . .      Spirit   .   a - +0 robe
rPois   .          Reflect  .   (no helmet)
rElec   .          Harm     .   (no cloak)
rCorr   .          Rampage  .   n - +1 pair of gloves {infuse}
Will    .....                   (no boots)
Stlth   ++........              (no amulet)
HPRegen 0.08/turn               h - ring of ice
MPRegen 0.10/turn               i - ring of positive energy

@: no status effects
A: no striking features
a: no special abilities


You were on level 2 of the Dungeon.
You visited 1 branch of the dungeon, and saw 2 of its levels.

You collected 114 gold pieces.

Inventory:

Hand Weapons
 e - a +0 dagger
 f - a +2 vorpal sling (weapon)
Armour
 a - a +0 robe (worn)
 n - a +1 pair of gloves of infusion (worn)
Jewellery
 h - a ring of ice (left hand)
 i - a ring of positive energy (right hand)
 m - a +6 ring of dexterity
Scrolls
 c - a scroll of fear {unknown}
 g - 3 scrolls of enchant weapon {unknown}
 j - 2 scrolls of identify {unknown}
 k - a scroll of teleportation {unknown}
 p - a scroll of poison {unknown}
Potions
 b - a potion of magic
 d - a potion of might {unknown}
 l - a potion of curing {unknown}
 o - a potion of degeneration {unknown}
 q - a potion of invisibility {unknown}
 r - a potion of berserk rage {unknown}


   Skills:
 + Level 2.5 Dodging
 + Level 2.6 Stealth
 + Level 2.4 Spellcasting
 + Level 4.3 Conjurations


You had 3 spell levels left.
You knew the following spells:

 Your Spells              Type           Power      Damage    Failure   Level
a - Magic Dart            Conj           76%        1d6       2%          1
b - Searing Ray           Conj           38%        2d5       3%          2

Your spell library contained the following spells:

 Spells                   Type           Power      Damage    Failure   Level
 Dazzling Flash           Conj/Hex       22%        N/A       19%         3
 Fulminant Prism          Conj/Hex       5%         3d7       52%         4
 Iskenderun's Mystic Bla  Conj/Tloc      11%        2d4       52%         4


Dungeon Overview and Level Annotations

Branches:
Dungeon (2/15)

Altars:


Message History

You barely miss the adder.
The adder is severely wounded.
The adder misses you. The adder barely misses you.
You barely miss the adder.
The adder is severely wounded.
The adder barely misses you. The adder closely misses you.
An adder is nearby!
You clumsily bash the adder.
The adder is almost dead.
The adder misses you. The adder bites you but does no damage.
You barely miss the adder.
The adder is almost dead.
The adder misses you. The adder bites you.
* * * LOW HITPOINT WARNING * * *
You miss the adder.
The adder is almost dead.
The adder bites you but does no damage. The adder barely misses you.
An adder is nearby!
You clumsily bash the adder but do no damage.
The adder is almost dead.
The adder bites you but does no damage. The adder barely misses you.
You clumsily bash the adder but do no damage.
The adder is almost dead.
The adder bites you but does no damage. x2
An adder is nearby!
You barely miss the adder.
The adder is almost dead.
The adder misses you. The adder completely misses you.
You barely miss the adder.
The adder is almost dead.
The adder bites you but does no damage. The adder bites you.
* * * LOW HITPOINT WARNING * * *
An adder is nearby!
You barely miss the adder.
The adder is almost dead.
The adder bites you but does no damage. The adder closely misses you.
You barely miss the adder.
The adder is almost dead.
The adder bites you.
You die...

. ..# #. # ###..###.###
#. #...... ...## #
.##.#..# .... .#
......##.. ..###.
##S....... #.#...
#.@...# ####.#.#.
##...## #.#........
##..# #.#.##.#.#.
########.####.#.##.#.##
#......#.#.........#.##
#.####.#.#.......###...
#.####.#.#.......# ####
#.#......#.......# #..
#.#.##.###.......# #.#


You could see an adder.

Vanquished Creatures
  An adder (D:2)
  A worm (D:2)
  A dart slug (D:1)
  3 ball pythons
  4 goblins
  3 hobgoblins (D:1)
  2 quokkas
  3 bats (D:1)
  A frilled lizard (D:2)
  3 kobolds
  4 rats (D:1)
26 creatures vanquished.

Notes
Turn   | Place    | Note
-------+----------+-------------------------------------------
     0 | D:1      | Nato the Human Conjurer began the quest for the Orb.
     0 | D:1      | Reached XP level 1. HP: 13/13 MP: 3/3
   355 | D:1      | Reached XP level 2. HP: 19/19 MP: 3/5
   872 | D:1      | Reached XP level 3. HP: 24/24 MP: 6/6
   953 | D:1      | Learned a level 2 spell: Searing Ray
  1541 | D:2      | HP: 1/24 [adder (2)]
  1543 | D:2      | Slain by an adder

Illustrated notes

Levels and vault maps discovered:
D:1:      dpeg_arrival_solitude, layout_basic, minmay_misc_feat_tiny,
          kennysheep_nondescript
D:2:      layout_loops_cross, basic_altar, nrook_mini_vaults,
          grunt_decor_resistance

Action                   || total
-------------------------++-------
Melee: Sling             ||    13
 Fire: Sling             ||    63
 Cast: Magic Dart        ||    14
       Searing Ray       ||     1
Armor: Robe              ||    11
Dodge: Dodged            ||    38

Table legend: (Time is in decaauts)
 A = Elapsed time spent in this place.
 B = Non-inter-level travel time spent in this place.
 C = Inter-level travel time spent in this place.
 D = Time resting spent in this place.
 E = Time spent auto-exploring this place.
 F = Levels seen in this place.
 G = Mean time per level.
                   A        B        C        D        E       F      G
               +--------+--------+--------+--------+--------+-----+--------+
         Total |   1572 |   1541 |     31 |    538 |    808 |   2 |  786.0 |
       Dungeon |   1572 |   1541 |     31 |    538 |    808 |   2 |  786.0 |
               +--------+--------+--------+--------+--------+-----+--------+

Top non-repeatable levels by time:
     D:1: 965 daAuts
     D:2: 607 daAuts
